 Dungeon Crawl Stone Soup version 0.22.1 (webtiles) character file.

11965 Oink the Basher (level 11, -11/67 HPs)
             Began as a Gargoyle Fighter on Sept 19, 2018.
             Was a Priest of Makhleb.
             Mangled by a cyclops (27 damage)
             ... on level 12 of the Dungeon.
             The game lasted 00:45:40 (15862 turns).

Oink the Basher (Gargoyle Fighter)                 Turns: 15862, Time: 00:45:40

Health: -11/67     AC: 17    Str: 21    XL:     11   Next: 86%
Magic:  14/14      EV:  9    Int: 13    God:    Makhleb [***...]
Gold:   459        SH: 11    Dex:  9    Spells: 9/10 levels left

rFire    . . .     SeeInvis .   G - +3 morningstar (pain)
rCold    . . .     Gourm    .   c - +0 shield
rNeg     + . .     Faith    .   B - +0 ring mail "Leeplae" {+Blink Str+2}
rPois    ∞         Spirit   .   (helmet restricted)
rElec    +         Reflect  .   (no cloak)
rCorr    .         Harm     .   m - +0 pair of gloves
MR       .....     Rnd*Rage +   D - +0 pair of boots
Stlth    ..........             (no amulet)
HPRegen  0.21/turn              (no ring)
MPRegen  0.14/turn              (no ring)

@: no status effects
A: antennae 1, berserk 1, negative energy resistance 1, electricity resistance,
wild magic 1, unbreathing, petrification resistance, rot immunity, MP-powered
wands, AC +8
a: Minor Destruction, Lesser Servant of Makhleb, Renounce Religion, Evoke Blink


You were on level 12 of the Dungeon.
You worshipped Makhleb.
Makhleb was most pleased with you.
You were near starving.

You visited 2 branches of the dungeon, and saw 13 of its levels.
You also visited: Bailey.

You collected 538 gold pieces.
You spent 79 gold pieces at shops.

Inventory:

Hand Weapons
 a - a +1 flail
 n - a +2 whip of freezing
 u - a +0 flail of protection
 G - a +3 morningstar of pain (weapon)
Missiles
 l - 13 tomahawks (quivered)
 A - 3 exploding tomahawks
 L - 7 javelins of returning
 N - a throwing net
Armour
 c - a +0 shield (worn)
 m - a +0 pair of gloves (worn)
 B - the +0 ring mail "Leeplae" (worn) {+Blink Str+2}
   (You found it on level 5 of the Dungeon)

   It affects your strength (+2).
   It lets you blink.
 D - a +0 pair of boots (worn)
 K - the +1 leather armour "Muach" {+Fly rElec rF- rC++}
   (You found it on level 10 of the Dungeon)

   It makes you vulnerable to fire.
   It greatly protects you from cold.
   It insulates you from electricity.
   It lets you fly.
Jewellery
 I - an uncursed ring of see invisible
 O - an uncursed ring of protection from cold {unknown}
 Q - an uncursed amulet of guardian spirit {unknown}
Wands
 k - a wand of polymorph (12)
 t - a wand of acid (1)
 H - a wand of flame (32)
 J - a wand of random effects (18)
Scrolls
 g - 2 scrolls of identify
 j - 4 scrolls of remove curse
 o - 4 scrolls of blinking
 p - a scroll of immolation
 r - 2 scrolls of magic mapping
 w - 4 scrolls of teleportation
 x - 2 scrolls of noise
 y - a scroll of fear
 C - a scroll of amnesia
 M - a scroll of holy word {unknown}
Potions
 b - a potion of cancellation {unknown}
 d - 5 potions of might
 e - 3 potions of brilliance
 h - 2 potions of heal wounds
 i - 9 potions of curing
 q - 2 potions of invisibility
 s - 3 potions of magic
 z - a potion of haste
 E - 4 potions of lignification
 F - 2 potions of resistance
 P - a potion of berserk rage {unknown}
Comestibles
 f - 24 rations


   Skills:
 + Level 7.4 Fighting
 + Level 10.4 Maces & Flails
 - Level 0.1 Throwing
 + Level 8.5 Armour
 + Level 10.0 Shields
 - Level 0.8 Unarmed Combat
 + Level 0.4 Spellcasting
 * Level 5.8 Necromancy
 + Level 4.7 Evocations


You had 9 spell levels left.
You knew the following spells:

 Your Spells              Type           Power        Failure   Level  Hunger
a - Animate Skeleton      Necr           N/A          12%         1    ##.....

Your spell library contained the following spells:

 Spells                   Type           Power        Failure   Level  Hunger
 Pain                     Necr           ###.         12%         1    ##.....
 Vampiric Draining        Necr           ###.......   32%         3    ####...
 Regeneration             Chrm/Necr      ##........   69%         3    ####...
 Animate Dead             Necr           N/A          69%         4    #####..
 Flame Tongue             Conj/Fire      #....        73%         1    ##.....
 Throw Flame              Conj/Fire      #.....       85%         2    ###....
 Conjure Flame            Conj/Fire      #.......     97%         3    ####...
 Inner Flame              Hex/Fire       #.......     97%         3    ####...
 Sticky Flame             Conj/Fire      #.......     100%        4    #####..
 Fireball                 Conj/Fire      #.........   100%        5    ######.


Dungeon Overview and Level Annotations

Branches:
Dungeon (12/15)            Temple (1/1) D:5            Lair (0/6) D:8
    Orc (0/2) D:10

Altars:
Ashenzari
Cheibriados
Dithmenos
Elyvilon
Fedhas
Gozag
Hepliaklqana
Kikubaaqudgha
Makhleb
Nemelex Xobeh
Okawaru
Qazlal
Ru
Sif Muna
Trog
Uskayaw
Vehumet
Wu Jian
Xom
Yredelemnul
Zin
The Shining One

Shops:
D:4 *?!   D:9 (   D:10 %

Annotations:
D:8 exclusion: door
D:11 1 runed door, skk's ghost, journeyman DDFi


Innate Abilities, Weirdness & Mutations

You are resistant to torment.
Your stone body is resilient. (AC +8)
You are immune to poison.
You resist negative energy. (rN+)
You are resistant to electric shocks. (rElec)
You can survive without breathing.
You are immune to petrification.
You are immune to rotting.
You have a pair of small antennae on your head.
You tend to lose your temper in combat.
Your spells are a little harder to cast, but a little more powerful.
You expend magic power (3 MP) to strengthen your wands.


Message History

Makhleb accepts your kill. The cyclops hits you!!
* * * LOW HITPOINT WARNING * * *
Things that are here:
a long sword; a ring mail; 2 large rocks You hit the cyclops but do no damage.
The cyclops writhes in agony.
The cyclops is lightly wounded.
The cyclops hits you but does no damage.
You hit the cyclops.
The cyclops writhes in agony.
The cyclops is lightly wounded.
You barely miss the cyclops.
The cyclops is lightly wounded.
The cyclops barely misses you.
You bludgeon the cyclops!!
The cyclops is heavily wounded.
You block the cyclops's attack.
Your shield prevents you from hitting the cyclops.
The cyclops is heavily wounded.
The cyclops hits you!!
You die...

.. . .##
..# #
#.#.#
#.###.#.#
#...<...#
#####C###
#@#######
#.......#
#.#####.#
#># #..
#.# #.#
#.. ##


You could see a cyclops.

Vanquished Creatures
  Urug (D:11)
  Pikel (D:5)
  An ugly thing (D:11)
  2 orc knights (Bailey)
  2 deep elf magi
  A cyclops (D:11)
  A gargoyle (D:11)
  2 kobold demonologists (Bailey)
  A merfolk (D:11)
  2 trolls
  A hornet (D:11)
  Eustachio (D:4)
  3 wargs
  Grum (D:11)
  9 orc warriors
  3 ice beasts
  2 sky beasts
  3 necrophages
  8 ogres
  4 wolves (D:11)
  A phantom (D:11)
  4 centaurs
  Blork the orc (D:6)
  3 bullfrogs
  4 big kobolds
  A wyvern skeleton (D:7)
  A scorpion (D:9)
  2 water moccasin skeletons
  7 killer bees
  4 electric eels (Bailey)
  5 howler monkeys
  4 bullfrog zombies
  2 crimson imps (D:5)
  2 centaur zombies (D:7)
  An iron imp (D:9)
  5 jellies
  9 orc priests
  A hound (D:7)
  4 bullfrog skeletons
  2 centaur skeletons
  3 orc wizards
  3 iguanas
  9 worker ants
  Robin (D:2)
  A howler monkey zombie (D:8)
  A worker ant zombie (D:5)
  10 gnolls
  2 adders
  A shadow imp (D:9)
  2 oozes
  2 adder zombies
  2 adder skeletons (D:6)
  9 worms
  A dart slug (D:3)
  3 leopard geckos
  49 orcs
  10 bats
  7 giant cockroaches
  22 goblins
  20 hobgoblins
  7 jackals
  23 kobolds
  4 quokkas
  2 ball pythons
  A ball python skeleton (D:5)
  4 frilled lizards
  A goblin zombie (D:9)
  2 kobold skeletons (D:9)
  A kobold zombie (D:9)
  An orc skeleton (D:9)
  An orc zombie (D:9)
  13 rats
330 creatures vanquished.

Vanquished Creatures (others)
  A slave (D:5)
  A crimson imp (D:5)
  4 fungi (D:11)
  3 plants (D:11)
9 creatures vanquished.

Grand Total: 339 creatures vanquished

Notes
Turn   | Place    | Note
-------+----------+-------------------------------------------
     0 | D:1      | Oink the Gargoyle Fighter began the quest for the Orb.
     0 | D:1      | Reached XP level 1. HP: 14/14 MP: 1/1
   151 | D:1      | Reached XP level 2. HP: 19/19 MP: 2/2
   834 | D:2      | Reached XP level 3. HP: 19/23 MP: 3/3
   864 | D:2      | Noticed Robin
  1364 | D:2      | Reached XP level 4. HP: 20/29 MP: 4/4
  2202 | D:2      | Killed Robin
  2494 | D:2      | Found a shadowy altar of Dithmenos.
  2504 | D:2      | Found a shattered altar of Ashenzari.
  2876 | D:3      | Reached XP level 5. HP: 25/33 MP: 5/5
  3353 | D:3      | Reached XP level 6. HP: 25/38 MP: 6/6
  3482 | D:3      | Found a sacrificial altar of Ru.
  4019 | D:4      | Found Umniteuble's Distillery.
  4022 | D:4      | Bought a potion of heal wounds for 55 gold pieces
  4037 | D:4      | Found Hotya's General Store.
  4041 | D:4      | Bought a scroll of identify for 24 gold pieces
  4111 | D:4      | Found a bloodstained altar of Trog.
  4276 | D:4      | Noticed Eustachio
  4282 | D:4      | Found a sparkling altar of Nemelex Xobeh.
  4543 | D:4      | Killed Eustachio
  4543 | D:4      | Reached skill level 5 in Maces & Flails
  4543 | D:4      | Reached skill level 5 in Shields
  4543 | D:4      | Reached XP level 7. HP: 44/44 MP: 7/7
  4915 | D:4      | Found Wuablon's Magic Scroll Shoppe.
  4988 | D:4      | Found a hazy altar of Hepliaklqana.
  5153 | D:5      | Entered Level 5 of the Dungeon
  5164 | D:5      | Noticed Pikel
  5185 | D:5      | Killed Pikel
  5185 | D:5      | Reached skill level 5 in Armour
  5185 | D:5      | Reached XP level 8. HP: 38/48 MP: 8/8
  5202 | D:5      | Reached skill level 5 in Fighting
  5529 | D:5      | Found a staircase to the Ecumenical Temple.
  5569 | D:5      | Got a jewelled ring mail
  5580 | D:5      | Identified the cursed +0 ring mail "Leeplae" {+Blink Str+2}
                  | (You found it on level 5 of the Dungeon)
  5815 | Temple   | Entered the Ecumenical Temple
  6068 | D:6      | Reached skill level 1 in Evocations
  6155 | D:6      | Noticed Blork the orc
  6180 | D:6      | Killed Blork the orc
  6186 | D:6      | Reached XP level 9. HP: 54/54 MP: 9/9
  6327 | D:6      | Found an ancient bone altar of Kikubaaqudgha.
  6748 | D:6      | Found a burning altar of Makhleb.
  6750 | D:6      | Found a glowing silver altar of Zin.
  6750 | D:6      | Noticed an angel
  6789 | D:6      | Noticed a balrug
  6957 | D:6      | Became a worshipper of Makhleb the Destroyer
  7100 | D:7      | Found a radiant altar of Vehumet.
  7507 | D:7      | Found an opulent altar of Gozag.
  7611 | D:7      | Found an ornate altar of the Wu Jian Council.
  7972 | D:8      | Found a staircase to the Lair.
  8913 | D:8      | Reached * piety under Makhleb
  8922 | D:8      | Reached XP level 10. HP: 41/61 MP: 12/12
  9411 | D:8      | Found a stormy altar of Qazlal.
  9506 | D:8      | Noticed a deep elf mage
  9531 | D:8      | Killed a deep elf mage
 10190 | D:9      | Found a flagged portal.
 10213 | Bailey   | Entered a bailey
 10255 | Bailey   | Gained mutation: You occasionally shout uncontrollably at
                  | your foes. [potion of mutation]
 10255 | Bailey   | Gained mutation: You have a pair of small horns on your
                  | head. [potion of mutation]
 10255 | Bailey   | Gained mutation: You evolve. [potion of mutation]
 10256 | Bailey   | Lost mutation: You occasionally shout uncontrollably at
                  | your foes. [potion of mutation]
 10256 | Bailey   | Lost mutation: You have a pair of small horns on your head.
                  | [potion of mutation]
 10256 | Bailey   | Lost mutation: You evolve. [potion of mutation]
 10256 | Bailey   | Gained mutation: Your spells are a little harder to cast,
                  | but a little more powerful. [potion of mutation]
 10256 | Bailey   | Gained mutation: You expend magic power (3 MP) to
                  | strengthen your wands. [potion of mutation]
 10256 | Bailey   | Gained mutation: You tend to lose your temper in combat.
                  | [potion of mutation]
 10256 | Bailey   | Gained mutation: You have a pair of small antennae on your
                  | head. [potion of mutation]
 10309 | Bailey   | Found an iron altar of Okawaru.
 10309 | Bailey   | Noticed an orc knight
 10322 | Bailey   | Noticed a kobold demonologist
 10339 | Bailey   | Killed a kobold demonologist
 10339 | Bailey   | Noticed a kobold demonologist
 10359 | Bailey   | Killed a kobold demonologist
 10360 | Bailey   | Killed an orc knight
 10399 | Bailey   | Reached ** piety under Makhleb
 11732 | Bailey   | Learned a level 1 spell: Animate Skeleton
 11767 | Bailey   | Noticed an orc knight
 11783 | Bailey   | Killed an orc knight
 11965 | Bailey   | Reached XP level 11. HP: 59/67 MP: 14/14
 12209 | D:9      | Reached skill level 10 in Shields
 12231 | D:9      | Reached skill level 1 in Necromancy
 12242 | D:9      | Reached skill level 10 in Maces & Flails
 12717 | D:9      | Found a glowing golden altar of the Shining One.
 12776 | D:9      | Found a shimmering altar of Xom.
 13096 | D:9      | Found Ynuteg's Antique Weapon Boutique.
 13501 | D:10     | Entered Level 10 of the Dungeon
 13532 | D:10     | Found a staircase to the Orcish Mines.
 13539 | D:10     | Got a faintly glowing leather armour
 13551 | D:10     | Identified the cursed +1 leather armour "Muach" {+Fly rElec
                  | rF- rC++} (You found it on level 10 of the Dungeon)
 13645 | D:10     | Found Juynoid's Food Shop.
 13762 | D:10     | Reached *** piety under Makhleb
 14789 | D:11     | Noticed Urug
 14814 | D:11     | Killed Urug
 15090 | D:11     | Noticed a red ugly thing
 15090 | D:11     | Noticed Grum
 15103 | D:11     | Killed a red ugly thing
 15103 | D:11     | Reached skill level 5 in Necromancy
 15109 | D:11     | Killed Grum
 15327 | D:11     | Found a runed door.
 15524 | D:11     | Noticed a cyclops
 15534 | D:11     | Killed a cyclops
 15813 | D:11     | Noticed skk's ghost (journeyman DDFi)
 15842 | D:12     | Noticed a deep elf mage
 15843 | D:12     | Noticed a cyclops
 15856 | D:12     | Killed a deep elf mage
 15862 | D:12     | Mangled by a cyclops

Skill      XL: |  1  2  3  4  5  6  7  8  9 10 11 |
---------------+----------------------------------+-----
Maces & Flails | 3 4 5 6 7 8 9 10 | 10.4
Shields        | 4 5 6 7 8 9 10 | 10.0
Armour         | 4 5 6 7 8 |  8.5
Fighting       | 4 5 6 7 |  7.4
Evocations     | 1 3 4 |  4.7
Necromancy     | 5 |  5.8
Throwing       | |  0.1
Unarmed Combat | |  0.8
Spellcasting   | |  0.4

Action                   |  1- 3 |  4- 6 |  7- 9 | 10-12 || total
-------------------------+-------+-------+-------+-------++-------
Melee: Flail             |   173 |   346 |    45 |       ||   564
       Whip              |       |       |   456 |   398 ||   854
       Morningstar       |       |       |       |   350 ||   350
Evoke: Wand              |       |       |       |     8 ||     8
  Use: Scroll            |       |     3 |     4 |    19 ||    26
       Potion            |       |       |     1 |     4 ||     5
  Eat: Chunk             |     2 |    10 |    15 |    18 ||    45
       Ration            |       |       |       |     1 ||     1
Armor: Scale mail        |   116 |   251 |    48 |       ||   415
       Ring mail         |       |       |   123 |   238 ||   361
       Leather armour    |       |       |       |    56 ||    56
Dodge: Dodged            |    57 |   153 |   128 |   273 ||   611
Block: Shield            |   103 |   233 |   212 |   459 ||  1007
